 Dungeon Crawl Stone Soup version 0.28-a0-1152-g9c71ebef14 (webtiles) character file.

Game seed: 14713535503603340485

34524 SnakkuSnakku7 the Impaler (level 13, 0/92 HPs)
             Began as a Demonspawn Cinder Acolyte on Dec 15, 2021.
             Was a Priest of Wu Jian.
             Slain by a five-headed hydra (1 damage)
             ... on level 5 of the Lair of Beasts.
             The game lasted 00:34:40 (16801 turns).

SnakkuSnakku7 the Impaler (DsCA)                   Turns: 16801, Time: 00:34:41

Health: 0/92       AC: 13    Str: 17    XL:     13   Next: 42%
Magic:  14/14      EV: 14    Int: 17    God:    Wu Jian [***...]
Gold:   647        SH:  0    Dex: 10    Spells: 14/14 levels left

rFire   + . .      SeeInvis .   b - +1 morningstar (flame)
rCold   . . .      Faith    .   (no shield)
rNeg    . . .      Spirit   .   g - +1 swamp dragon scales
rPois   +          Reflect  .   U - +0 hat {Will+}
rElec   .          Harm     .   q - +0 cloak
rCorr   .          Rampage  .   V - +0 pair of gloves
Will    +....                   O - +0 pair of boots
Stlth   ..........              D - amulet of regeneration
HPRegen 1.05/turn               L - ring of protection from fire
MPRegen 0.14/turn               W - +4 ring of evasion

@: no status effects
A: claws 1, powered by pain 2, spiny 1, sharp scales 2
a: Renounce Religion, Wall Jump, Serpent's Lash


You were on level 5 of the Lair of Beasts.
You worshipped Wu Jian.
Wu Jian was most pleased with you.
You visited 3 branches of the dungeon, and saw 16 of its levels.

You collected 893 gold pieces.
You spent 246 gold pieces at shops.

Inventory:

Hand Weapons
 a - a +2 glaive of draining
 b - a +1 morningstar of flaming (weapon)
 J - the +9 staff of Olgreb {rPois∞}
   (You found it on level 6 of the Dungeon)

   If the wielder is skilled in Evocations, they can envenom those struck by it,
   dealing poison damage which bypasses armour.
   It enhances your poison magic.
   It grants immunity to poison.
   It can be evoked to radiate toxic energy, with effectiveness depending on
   Evocations skill.
Armour
 g - +1 swamp dragon scales (worn)
 i - a +2 robe of fire resistance
 q - a +0 cloak (worn)
 r - a +0 helmet
 v - a +2 buckler
 H - a +3 chain mail of cold resistance
 O - a +0 pair of boots (worn)
 U - a +0 hat of willpower (worn)
 V - a +0 pair of gloves (worn)
Jewellery
 B - a ring of see invisible
 D - an amulet of regeneration (around neck)
 L - a ring of protection from fire (left hand)
 Q - a ring of ice
 W - a +4 ring of evasion (right hand)
Wands
 u - a wand of acid (2)
 x - a wand of paralysis (2)
 F - a wand of flame (18)
 X - a wand of charming (3)
Scrolls
 c - 2 scrolls of teleportation
 e - 2 scrolls of vulnerability
 f - a scroll of summoning {unknown}
 k - 3 scrolls of fog
 l - a scroll of enchant weapon
 m - 2 scrolls of brand weapon
 n - 3 scrolls of enchant armour {unknown}
 o - 2 scrolls of holy word {unknown}
 s - 2 scrolls of blinking {unknown}
 y - 2 scrolls of amnesia {unknown}
 z - 2 scrolls of acquirement {unknown}
 A - a scroll of immolation
 C - a scroll of silence {unknown}
 G - a scroll of magic mapping {unknown}
 K - 2 scrolls of noise {unknown}
 T - 2 scrolls of identify
Potions
 d - 2 potions of heal wounds
 h - 4 potions of lignification {unknown}
 j - 6 potions of attraction {unknown}
 p - 10 potions of curing {unknown}
 t - 3 potions of brilliance
 w - 2 potions of flight
 E - 2 potions of might
 I - a potion of haste
 M - a potion of cancellation
 N - a potion of invisibility
 P - a potion of magic {unknown}
 S - a potion of mutation


   Skills:
 + Level 5.5 Fighting
 - Level 10.1 Maces & Flails
 - Level 17.7 Polearms
 - Level 1.0 Spellcasting
 - Level 2.6 Fire Magic
 - Level 5.0 Evocations


You had 14 spell levels left.
You didn't know any spells.
Your spell library contained the following spells:

 Spells                   Type           Power      Damage    Failure   Level
 Scorch                   Fire           18%        2d5       21%         2
 Foxfire                  Conj/Fire      20%        2x1d5     22%         1
 Animate Skeleton         Necr           0%         N/A       36%         1
 Pain                     Necr           0%         1d4       36%         1
 Corpse Rot               Necr/Air       0%         N/A       52%         2
 Conjure Flame            Conj/Fire      5%         6-21      56%         3
 Inner Flame              Hex/Fire       5%         N/A       56%         3
 Gell's Gravitas          Tloc           0%         N/A       75%         3
 Lesser Beckoning         Tloc           0%         N/A       75%         3
 Teleport Other           Tloc           0%         N/A       75%         3
 Vampiric Draining        Necr           0%         2d6       75%         3
 Flame Wave               Conj/Fire      5%         2d4       92%         4
 Dispel Undead            Necr           0%         3d6       98%         4
 Passage of Golubria      Tloc           0%         N/A       98%         4
 Silence                  Hex/Air        0%         N/A       100%        5
 Death Channel            Necr           0%         N/A       100%        6
 Lehudib's Crystal Spear  Conj/Erth      0%         10d2      100%        8


Dungeon Overview and Level Annotations

Branches:
Dungeon (10/15)            Temple (1/1) D:7            Lair (5/6) D:8
 Shoals (0/4) Lair:3       Spider (0/4) Lair:4          Orc (0/2) D:9
  Slime: Lair:5-6

Altars:
Ashenzari
Cheibriados
Dithmenos
Elyvilon
Fedhas
Gozag
Hepliaklqana
Kikubaaqudgha
Makhleb
Nemelex Xobeh
Okawaru
Qazlal
Ru
Sif Muna
Trog
Uskayaw
Vehumet
Wu Jian
Xom
Yredelemnul
Zin
The Shining One

Shops:
D:8 *   D:10 !

Annotations:
D:4 exclusion: oklob plant
D:6 1 runed translucent door
Lair:3 exclusion: oklob plant


Innate Abilities, Weirdness & Mutations

You have sharp fingernails.
You sometimes gain power by taking damage.
You are partially covered in sharp spines.
You are mostly covered in razor-sharp scales. (AC +2, Slay +2)


Message History

* * * LOW HITPOINT WARNING * * *
The five-headed hydra bites you.
* * * LOW HITPOINT WARNING * * *
The five-headed hydra bites you!
* * * LOW HITPOINT WARNING * * *
The five-headed hydra misses you.
Unknown command.
Okay, then.
Okay, then.
Throw: 2 throwing nets
Press: ? - help, Q - select action, (/) - cycle Shift-Dir - straight line, f - five-headed hydra
Aim: a five-headed hydra (heavily wounded, 79% to hit, immune to nets)
You throw a throwing net.
The throwing net barely misses the five-headed hydra.
The five-headed hydra completely misses you.
The five-headed hydra barely misses you.
The five-headed hydra closely misses you.
The five-headed hydra bites you!
* * * LOW HITPOINT WARNING * * *
The five-headed hydra closely misses you.
Throw: throwing net
Press: ? - help, Q - select action, (/) - cycle Shift-Dir - straight line, f/p - five-headed hydra
Aim: a five-headed hydra (heavily wounded, 79% to hit, immune to nets)
You throw a throwing net.
The throwing net hits the five-headed hydra.
The five-headed hydra is too large for the net to hold!
The five-headed hydra is heavily wounded.
The five-headed hydra closely misses you.
The five-headed hydra bites you.
* * * LOW HITPOINT WARNING * * *
The five-headed hydra bites you but does no damage.
The five-headed hydra closely misses you.
The five-headed hydra misses you.
Unknown command.
You see here a cane toad corpse.
The five-headed hydra is struck by your spines.
The five-headed hydra bites you.
* * * LOW HITPOINT WARNING * * *
The five-headed hydra bites you.
You die...

#......## ####..........
#.#.....###.#...........
##.#.#..##.#............
###.....##.............
##...................
#................P.#
##...<......#..####.
###.........####
#..@.....####
##..D....... #
##...........#
#.#....(........
#.#.......P#.#.
#.....(P..###
#.....##### #.....P.#
#.......#


You could see a five-headed hydra.

Vanquished Creatures
  Gastronok (Lair:3)
  Harold (Lair:2)
  2 hydras
  A catoblepas (Lair:4)
  2 two-headed ogres
  8 death yaks
  The ghost of ytrimaz the Martial Artist, a novice OpTm of Ashenzari (D:7)
  The ghost of rjrrt the Cleaver, a novice MiBe of Trog (D:7)
  An ugly thing (D:10)
  5 elephants (Lair:4)
  3 black mambas
  8 cane toads
  Maggie (D:6)
  2 komodo dragons (Lair:3)
  A kobold demonologist (D:9)
  An efreet (D:9)
  A troll (D:10)
  18 blink frogs
  Prince Ribbit (Lair:1)
  2 polar bears (Lair:4)
  Grinder (D:5)
  A snapping turtle (Lair:3)
  Sigmund (D:2)
  3 redbacks
  30 yaks
  14 fire elementals
  2 wyverns (D:8)
  2 basilisks
  2 steam dragons
  Duvessa (D:6)
  8 water moccasins
  2 orc warriors (D:8)
  2 black bears
  A hornet zombie (D:8)
  A necrophage (D:5)
  2 sky beasts
  3 ogres
  2 centaurs (D:10)
  9 wolves
  A phantom (D:5)
  2 kobold brigands
  Blork the orc (D:5)
  9 bullfrogs
  2 gnoll sergeants (D:8)
  11 scorpions
  3 water moccasin skeletons
  Dowan (D:6)
  25 killer bees
  6 wights
  2 howler monkeys
  An electric eel (Lair:3)
  3 bullfrog zombies
  4 centaur zombies
  3 orc priests
  Crazy Yiuf (D:5)
  A bullfrog skeleton (D:5)
  5 hounds
  A jelly (D:7)
  Jessica (D:2)
  A centaur skeleton (D:7)
  3 iguanas
  Terence (D:2)
  8 orc wizards
  A hell rat (D:8)
  A killer bee zombie (D:7)
  2 hound zombies
  A hound skeleton (D:4)
  4 howler monkey zombies
  9 gnolls
  A river rat (D:8)
  9 adders
  2 white imps
  4 dart slugs
  19 orcs
  10 endoplasms
  3 giant cockroaches (D:3)
  6 goblins
  4 hobgoblins
  3 jackals
  3 quokkas
  A ball python (D:2)
  5 bats
  4 frilled lizards
  12 kobolds
  8 rats
356 creatures vanquished.

Vanquished Creatures (others)
  A gnoll shaman (D:7)
  47 foxfires
  29 fungi
  37 plants
  11 toadstools (D:4)
125 creatures vanquished.

Grand Total: 481 creatures vanquished

Notes
Turn   | Place    | Note
-------+----------+-------------------------------------------
     0 | D:1      | SnakkuSnakku7 the Demonspawn Cinder Acolyte began the quest
                  | for the Orb.
     0 | D:1      | Reached XP level 1. HP: 18/18 MP: 2/2
   516 | D:1      | Gained mutation: You are partially covered in razor-sharp
                  | scales. (AC +1, Slay +1) [demonic ancestry]
   516 | D:1      | Reached XP level 2. HP: 20/24 MP: 3/3
   829 | D:1      | Found a faded altar of an unknown god.
  1159 | D:2      | Gained mutation: You sometimes gain a little power by
                  | taking damage. [demonic ancestry]
  1159 | D:2      | Reached XP level 3. HP: 29/29 MP: 4/4
  1254 | D:2      | Noticed Sigmund
  1441 | D:2      | Killed Sigmund
  1442 | D:2      | Reached skill level 5 in Maces & Flails
  1442 | D:2      | Reached XP level 4. HP: 16/35 MP: 5/5
  1442 | D:2      | Reached XP level 5. HP: 18/41 MP: 6/6
  1751 | D:2      | Noticed Jessica
  1754 | D:2      | Killed Jessica
  2314 | D:2      | Noticed Terence
  2326 | D:2      | Killed Terence
  2327 | D:2      | Reached XP level 6. HP: 37/47 MP: 7/7
  4302 | D:4      | Gained mutation: You are partially covered in sharp spines.
                  | [demonic ancestry]
  4302 | D:4      | Reached XP level 7. HP: 29/53 MP: 8/8
  4584 | D:4      | Found a blossoming altar of Fedhas.
  4584 | D:4      | You fall into a shaft and drop 2 floors!
  4584 | D:6      | Found the +9 staff of Olgreb {rPois∞}
  4586 | D:6      | Found a runed translucent door.
  4591 | D:6      | Found a runed translucent gate.
  4591 | D:6      | Found a runed translucent gate.
  4591 | D:6      | Noticed a redback
  4593 | D:6      | Found a runed translucent door.
  4656 | D:5      | Entered Level 5 of the Dungeon
  4704 | D:5      | Reached skill level 1 in Evocations
  4810 | D:4      | Found an opulent altar of Gozag.
  5258 | D:4      | Noticed an oklob plant
  5630 | D:5      | Reached XP level 8. HP: 51/60 MP: 9/9
  6062 | D:5      | Noticed Grinder
  6069 | D:5      | Paralysed by Grinder for 5 turns
  6071 | D:5      | Killed Grinder
  6072 | D:5      | Reached skill level 5 in Evocations
  6155 | D:5      | Found a runed translucent door.
  6156 | D:5      | Noticed Crazy Yiuf
  6162 | D:5      | Killed Crazy Yiuf
  6312 | D:5      | Found a shimmering blue altar of Sif Muna.
  6675 | D:5      | Noticed Blork the orc
  6681 | D:5      | Killed Blork the orc
  7185 | D:6      | Noticed Maggie
  7192 | D:6      | Killed Maggie
  7193 | D:6      | Reached skill level 10 in Maces & Flails
  7193 | D:6      | Reached XP level 9. HP: 65/65 MP: 10/10
  7279 | D:6      | Noticed Duvessa
  7279 | D:6      | Noticed Dowan
  7317 | D:6      | Killed Duvessa
  7318 | D:6      | Reached skill level 1 in Polearms
  7331 | D:6      | Killed Dowan
  7384 | D:6      | Reached skill level 2 in Polearms
  7566 | D:6      | Reached skill level 3 in Polearms
  7691 | D:6      | Found a runed translucent gate.
  7758 | D:6      | Reached skill level 4 in Polearms
  7774 | D:6      | Reached skill level 5 in Polearms
  7798 | D:6      | Reached skill level 6 in Polearms
  7957 | D:6      | Reached skill level 7 in Polearms
  8074 | D:7      | Found a shimmering altar of Xom.
  8090 | D:7      | Gained mutation: You are mostly covered in razor-sharp
                  | scales. (AC +2, Slay +2) [demonic ancestry]
  8090 | D:7      | Reached XP level 10. HP: 65/71 MP: 11/11
  8178 | D:7      | Found a shadowy altar of Dithmenos.
  8316 | D:7      | Found a runed translucent gate.
  8318 | D:7      | Found a runed translucent gate.
  8319 | D:7      | Found a runed translucent gate.
  8321 | D:7      | Noticed ytrimaz's ghost (novice OpTm)
  8321 | D:7      | Noticed rjrrt's ghost (novice MiBe)
  8343 | D:7      | Killed ytrimaz's ghost
  8344 | D:7      | Reached skill level 8 in Polearms
  8350 | D:7      | Killed rjrrt's ghost
  8578 | D:8      | Reached skill level 9 in Polearms
  8642 | D:8      | Found Xoocvifi's Assorted Antiques.
  8651 | D:8      | Bought a lumpy green potion for 26 gold pieces
  8651 | D:8      | Bought a potion of heal wounds for 145 gold pieces
  8929 | D:8      | Noticed a death yak
  9106 | D:8      | Reached skill level 10 in Polearms
  9191 | D:8      | Found a staircase to the Lair.
  9380 | D:8      | Noticed a death yak
  9393 | D:8      | Noticed a death yak
  9663 | D:8      | Found an iron altar of Okawaru.
  9664 | D:8      | Found a hide-covered altar of Uskayaw.
  9781 | D:8      | Killed a death yak
  9814 | D:8      | Killed a death yak
  9815 | D:8      | Reached skill level 11 in Polearms
  9815 | D:8      | Reached XP level 11. HP: 63/76 MP: 12/12
  9825 | D:8      | Killed a death yak
  9927 | D:7      | Found a staircase to the Ecumenical Temple.
  9932 | Temple   | Entered the Ecumenical Temple
  9989 | Temple   | Fell from the grace of Ignis
  9989 | Temple   | Became a worshipper of the Wu Jian Council
 10424 | D:9      | Noticed a two-headed ogre
 10427 | D:9      | Reached * piety under Wu Jian
 10436 | D:9      | Killed a two-headed ogre
 10437 | D:9      | Reached skill level 12 in Polearms
 10646 | D:9      | Found a staircase to the Orcish Mines.
 10950 | D:9      | Found a faded altar of an unknown god.
 10950 | D:9      | Found a hazy altar of Hepliaklqana.
 10952 | D:9      | Found a faded altar of an unknown god.
 11079 | D:10     | Entered Level 10 of the Dungeon
 11187 | D:9      | Noticed a sixfirhy
 11193 | D:9      | Noticed a sixfirhy
 11264 | D:10     | Found Voiceha's Distillery.
 11376 | D:10     | Bought a potion of heal wounds for 75 gold pieces
 11513 | D:10     | Reached skill level 13 in Polearms
 11622 | D:10     | Noticed a green ugly thing
 11640 | D:10     | Killed a green ugly thing
 11778 | D:10     | HP: 3/76 [fire elemental[the fiery vengeance of Ignis] (7)]
 11882 | D:10     | Noticed a two-headed ogre
 11889 | D:10     | Killed a two-headed ogre
 12299 | Lair:1   | Entered Level 1 of the Lair of Beasts
 12356 | Lair:1   | Noticed Prince Ribbit
 12373 | Lair:1   | Killed Prince Ribbit
 12538 | Lair:1   | Reached skill level 14 in Polearms
 12576 | Lair:1   | You fall into a shaft and drop 1 floor!
 12576 | Lair:2   | Noticed Harold
 12589 | Lair:2   | Killed Harold
 12590 | Lair:2   | Gained mutation: You have sharp fingernails. [demonic
                  | ancestry]
 12590 | Lair:2   | Reached XP level 12. HP: 57/83 MP: 13/13
 12756 | Lair:1   | Reached ** piety under Wu Jian
 13773 | Lair:2   | Reached skill level 15 in Polearms
 14239 | Lair:3   | Noticed a death yak
 14239 | Lair:3   | Noticed a death yak
 14261 | Lair:3   | Noticed a six-headed hydra
 14304 | Lair:2   | Killed a six-headed hydra
 14417 | Lair:3   | Noticed Gastronok
 15047 | Lair:3   | Reached skill level 16 in Polearms
 15266 | Lair:3   | Killed Gastronok
 15327 | Lair:3   | Killed a death yak
 15360 | Lair:3   | Noticed a death yak
 15360 | Lair:3   | Noticed a death yak
 15360 | Lair:3   | Noticed a death yak
 15373 | Lair:3   | Killed a death yak
 15382 | Lair:3   | Killed a death yak
 15387 | Lair:3   | Killed a death yak
 15388 | Lair:3   | Gained mutation: You sometimes gain power by taking damage.
                  | [demonic ancestry]
 15388 | Lair:3   | Reached XP level 13. HP: 68/88 MP: 14/14
 15493 | Lair:3   | Found a staircase to the Shoals.
 15713 | Lair:3   | You fall into a shaft and drop 1 floor!
 15713 | Lair:4   | Was forgiven by Ignis
 15719 | Lair:4   | Reached skill level 17 in Polearms
 15775 | Lair:4   | Reached *** piety under Wu Jian
 15845 | Lair:4   | Found a hole to the Spider Nest.
 16703 | Lair:5   | Reached skill level 5 in Fighting
 16798 | Lair:5   | HP: 4/92 [five-headed hydra (7)]
 16801 | Lair:5   | HP: 1/92 [five-headed hydra (4)]
 16801 | Lair:5   | Slain by a five-headed hydra

Illustrated notes

Levels and vault maps discovered:
D:1:      mrwooster_arrival_arrow, layout_loops_corners, basic_ecumenical_altar
D:2:      minmay_recursive_quarters, layout_basic, uniq_jessica, uniq_sigmund,
          uniq_terence
D:3:      layout_basic
D:4:      layout_cave_pools, tgw_fedhas, mainiacjoe_overflow_alcove_2,
          kennysheep_generic_room_3
D:5:      layout_loops_ring, lemuel_coloured_pillars_altar,
          hangedman_minor_gate_pass, uniq_blork_the_orc, uniq_grinder,
          uniq_crazy_yiuf_cottage
D:6:      layout_basic, minmay_guarded_unrand_staff_of_olgreb, uniq_maggie,
          uniq_duvessa
D:7:      layout_rooms, mainiacjoe_overflow_catch_the_wave,
          minmay_temple_entry_from_below_a, gammafunk_ghost_cemetery
D:8:      minmay_s_stair_smasher, layout_gridville,
          mainiacjoe_overflow_divided_tiny, dpeg_lair_monsters, serial_shops,
          nicolae_shop_overgrown_old_shop
D:9:      layout_irregular_city, nicolae_hepliaklqana_ecumenical_no_more,
          orc_0_dummy, kennysheep_potato
D:10:     layout_stronghold, tso_metal_star, serial_shops,
          nicolae_inconvenience_store
Temple:   dshaligram_water_room_temple
Lair:1:   layout_cave_pods, uniq_prince_ribbit2
Lair:2:   layout_chaotic_city, grunt_megastairs_5, uniq_harold
Lair:3:   layout_roguey, minmay_shoals_entry_hut, grunt_megastairs_2,
          lemuel_fruit_tree, uniq_gastronok
Lair:4:   layout_gridlike, spider_nest_entry_webs
Lair:5:   layout_hall_layers

Skill      XL: |  1  2  3  4  5  6  7  8  9 10 11 12 13 |
---------------+----------------------------------------+-----
Maces & Flails | 3 5 6 7 10 | 10.1
Evocations     | 3 5 |  5.0
Polearms       | 7 11 14 16 17 | 17.7
Fighting       | 5 |  5.5
Spellcasting   | |  1.0
Fire Magic     | |  2.6

Action                   |  1- 3 |  4- 6 |  7- 9 | 10-12 | 13-15 || total
-------------------------+-------+-------+-------+-------+-------++-------
Melee: Mace              |    67 |    73 |       |       |       ||   140
       Morningstar       |       |    74 |   212 |   392 |    11 ||   689
       Glaive            |       |       |       |   270 |   158 ||   428
Throw: Throwing net      |       |       |       |     1 |     2 ||     3
Invok: Fiery Armour      |     2 |     1 |       |     1 |       ||     4
       Foxfire Swarm     |     1 |     1 |       |     1 |       ||     3
       Rising Flame      |       |       |       |     1 |       ||     1
       Whirlwind         |       |       |       |    19 |     5 ||    24
       Lunge             |       |       |       |     5 |     2 ||     7
Evoke: Wand              |       |       |    12 |    19 |       ||    31
  Use: Potion            |       |     1 |       |     7 |       ||     8
       Scroll            |       |       |     3 |    11 |       ||    14
 Stab: Paralysed         |       |       |       |     3 |       ||     3
Armor: Robe              |     4 |    51 |    28 |       |       ||    83
       Scale mail        |    16 |       |       |       |       ||    16
       Chain mail        |       |       |     7 |       |       ||     7
       Swamp dragon scal |       |       |    48 |   337 |    54 ||   439
Dodge: Dodged            |    31 |   103 |    96 |   266 |    99 ||   595
Block: Buckler           |       |       |    52 |    99 |       ||   151

Table legend: (Time is in decaauts)
 A = Elapsed time spent in this place.
 B = Non-inter-level travel time spent in this place.
 C = Inter-level travel time spent in this place.
 D = Time resting spent in this place.
 E = Time spent auto-exploring this place.
 F = Levels seen in this place.
 G = Mean time per level.
                   A        B        C        D        E       F      G
               +--------+--------+--------+--------+--------+-----+--------+
         Total |  16925 |  16050 |    875 |   2546 |   9423 |  16 | 1057.8 |
       Dungeon |  12349 |  11623 |    726 |   2012 |   6819 |  10 | 1234.9 |
        Temple |     66 |     66 |      0 |      0 |      0 |   1 |   66.0 |
          Lair |   4509 |   4361 |    148 |    534 |   2604 |   5 |  901.8 |
               +--------+--------+--------+--------+--------+-----+--------+

Top non-repeatable levels by time:
     D:5: 1759 daAuts
     D:3: 1736 daAuts
     D:8: 1482 daAuts
     D:2: 1373 daAuts
     D:1: 1283 daAuts
  Lair:3: 1222 daAuts
     D:9: 1178 daAuts
     D:6: 1160 daAuts
  Lair:1: 1154 daAuts
  Lair:2: 1108 daAuts
    D:10: 1000 daAuts
  Lair:4: 912 daAuts
     D:4: 784 daAuts
     D:7: 590 daAuts
  Lair:5: 111 daAuts
